Cogmind - Beta 14 @@@ ROGUE MODE // 2024.10.07 @ 07:45:11 Player: Im100%Black Result: Destroyed by L-41 Fighter with Axe Performance ------------- Evolutions (5) 2500 Regions Visited (9) 1800 Robots Destroyed (139) 695 Value Destroyed (5347) 5347 Prototype IDs (5) 100 Alien Tech Used (0) 0 Bonus (1633) 1633 TOTAL SCORE: 12075 Bonus ------- High Alert Combat Kills 1133 Entered DSFs 500 Cogmind --------- Core Integrity 0/1000 Matter 178/300 Energy 100/100 System Corruption 21% Temperature Cool (9) Movement Core (1350) Ox26 Location -5/Factory Parts ------- > --- POWER (2) -------- (None) > --- PROPULSION (5) --- (None) > --- UTILITY (6) ------ Advanced Heat Sink Huge Storage Unit Core Analyzer Core Analyzer > --- WEAPON (4) ------- (None) > --- INVENTORY (25) --- Light Angular Momentum Engine Neutrino Core Neutrino Core Reinforced Fission Core Micro Fission Core Micro Fission Core Medium Matter Pod (100) Compact Matter Pod (150) Improved Target Analyzer Hacking Suite High-powered Shock Rifle Ion Burst Cannon Faulty Improved Heavy Machine Gun Tesla Bomb Launcher Grenade Launcher Tiamat Missile Launcher Improved Remote Datajack Power Maul Axe Peak State ------------ > --- POWER ------------ Micro Fission Core Micro Fission Core > --- PROPULSION ------- Carbon-fiber Leg Flexi-carbon Leg Flexi-carbon Leg Flexi-carbon Leg Armored Leg > --- UTILITY ---------- Advanced Heat Sink Huge Storage Unit Advanced Targeting Computer Core Analyzer Core Analyzer Improved Medium Armor Plating > --- WEAPON ----------- Gauss Rifle Gauss Rifle KE Penetrator KE Penetrator > --- INVENTORY -------- Light Angular Momentum Engine Neutrino Core Neutrino Core Reinforced Fission Core Micro Fission Core Micro Fission Core Carbon-fiber Leg Carbon-fiber Leg Carbon-fiber Leg Flexi-carbon Leg Medium Matter Pod Compact Matter Pod Improved Target Analyzer Hacking Suite High-powered Shock Rifle Tesla Rifle Wave Gun Ion Burst Cannon Advanced Plasma Cannon Improved Heavy Machine Gun Tesla Bomb Launcher Grenade Launcher Tiamat Missile Launcher Power Maul Axe [Rating: 87] Favorites ----------- Power Light Nuclear Core Engine Light Ion Engine Power Core Light Nuclear Core Reactor Light Antimatter Reactor Propulsion Armored Leg Treads Armored Treads Leg Armored Leg Utility Large Storage Unit Device Improved Heat Sink Storage Large Storage Unit Processor Core Analyzer Hackware Hacking Suite Protection Hardened Medium Armor Plating Weapon Enhanced Autogun Energy Gun High-powered Shock Rifle Energy Cannon Advanced Plasma Cannon Ballistic Gun Enhanced Autogun Ballistic Cannon Enhanced Gauss Cannon Launcher Tesla Bomb Launcher Special Weapon Mining Laser Impact Weapon Heavy Flail Slashing Weapon Axe Build | -11 -10 -9 -9 -8 -8 -7 -6 -6 -5 ------- Run | Yrd Mat Mat Min Mat Sto Fac Fac DSF Fac Slots Evolved 10 | . . 2 . 2 . 2 2 . 2 Power 1 | . . . . . . 1 . . . Propulsion 3 | . . 1 . 1 . . . . 1 Utility 4 | . . 1 . . . 1 1 . 1 Weapon 2 | . . . . 1 . . 1 . . Parts Attached 223 | 6 5 14 12 15 35 5 3 15 113 Power 31 | 1 1 1 1 2 5 1 . 1 18 Engine 5 | 1 1 . 1 1 . . . . 1 Core 25 | . . 1 . 1 5 1 . 1 16 Reactor 1 | . . . . . . . . . 1 Propulsion 56 | 2 . 4 3 7 10 1 . 5 24 Treads 6 | . . . . 4 2 . . . . Leg 50 | 2 . 4 3 3 8 1 . 5 24 Wheel . | . . . . . . . . . . Hover . | . . . . . . . . . . Flight . | . . . . . . . . . . Utility 55 | 1 2 4 2 1 10 3 2 3 27 Device 19 | 1 . . 2 . 5 2 1 . 8 Storage 7 | . 2 1 . . . . . . 4 Processor 7 | . . 1 . . . 1 . 1 4 Hackware 1 | . . 1 . . . . . . . Protection 21 | . . 1 . 1 5 . 1 2 11 Artifact . | . . . . . . . . . . Weapon 81 | 2 2 5 6 5 10 . 1 6 44 Energy Gun 11 | . . . . . 1 . . . 10 Energy Cannon 1 | . . . . . . . . . 1 Ballistic Gun 43 | 2 2 4 3 5 8 . 1 5 13 Ballistic Cannon 8 | . . . . . . . . . 8 Launcher 7 | . . 1 1 . 1 . . 1 3 Special Weapon 2 | . . . 2 . . . . . . Impact Weapon 4 | . . . . . . . . . 4 Slashing Weapon 5 | . . . . . . . . . 5 Piercing Weapon . | . . . . . . . . . . Special Melee Weapon . | . . . . . . . . . . Unidentified Prototypes 5 | . . . . . 3 . . . 2 Parts Lost 72 | . . 5 2 . 8 . . 6 51 Power 9 | . . . . . 1 . . 2 6 Propulsion 19 | . . . 2 . 2 . . . 15 Utility 17 | . . 3 . . 2 . . 2 10 Weapon 27 | . . 2 . . 3 . . 2 20 Highest Loss Streak 15 | . . 2 2 . 2 . . 6 15 To Critical Strikes 2 | . . . . . . . . . 2 Average Slot Usage (%) 94 | . 94 98 92 100 98 99 98 92 92 Engine 2 | . 14 1 8 5 . . . . . Core 7 | . . 9 2 3 8 14 13 9 9 Treads 3 | . . . . 3 24 . . . . Leg 25 | . 28 33 33 32 10 30 26 24 26 Device 11 | . 14 8 15 9 9 9 18 14 11 Storage 7 | . 9 11 11 9 9 7 6 6 5 Processor 4 | . . 1 . . . 4 . 2 7 Protection 5 | . . 2 . 8 8 7 7 7 6 Energy Gun 1 | . . . . . . . . . 3 Ballistic Gun 18 | . 28 21 19 27 25 23 25 23 11 Ballistic Cannon 1 | . . . . . . . . . 2 Peak Build Rating 87 | 8 10 19 22 28 36 43 52 63 87 Average Rating 47 | 4 9 15 19 21 30 38 51 57 73 On Entrance 26 | . 8 10 13 22 28 33 43 52 58 Naked Turns . | . . . . . . . . . . Heaviest Build 120 | 8 18 32 36 41 43 49 52 62 120 Greatest Support 94 | 20 20 36 36 80 92 58 70 78 94 Greatest Overweight (x) 2 | . . . 1 1 1 . . 1 2 Average Overweight (x) . | . . . . . . . . . . Largest Inventory Capacity 25 | 5 10 15 15 15 15 15 15 15 25 Average Capacity 15 | 5 7 13 15 15 15 15 15 15 17 Most Carried 25 | 5 8 14 15 15 15 15 14 15 25 Average Carried 13 | 3 6 10 14 14 14 13 13 14 14 Final Capacity 25 | 5 10 15 15 15 15 15 15 15 25 Final Carried 19 | 5 8 13 15 15 15 15 14 15 19 Class Distribution -------------------- 28% | Scavenger-Tank 23% | Scavenger-Gunner 16% | Scavenger-Mutant 14% | Mutant 14% | Tank Dominant Class ---------------- Mutant | -10/Materials Scavenger-Mutant | -9/Materials Scavenger-Mutant | -9/Mines Scavenger-Tank | -8/Materials Scavenger-Tank | -8/Storage Scavenger-Tank | -7/Factory Scavenger-Tank | -6/Factory Gunner | -6/DSF Scavenger-Gunner | -5/Factory Resources | -11 -10 -9 -9 -8 -8 -7 -6 -6 -5 ----------- Run | Yrd Mat Mat Min Mat Sto Fac Fac DSF Fac Matter Collected 6001 | 386 165 394 281 324 1013 82 . 70 3286 Remotely . | . . . . . . . . . . Salvage Created 6391 | 90 203 615 27 399 1133 140 . 61 3723 Parts 335 | 9 14 37 . 20 47 4 . 4 200 Haulers Intercepted 5 | . 1 . . 1 3 . . . . Recyclers Shooed 7 | . 1 . . 1 . . . . 5 Parts Field Recycled . | . . . . . . . . . . Retrieved Matter . | . . . . . . . . . . Parts Self-Destructed . | . . . . . . . . . . Prevented . | . . . . . . . . . . Kills | -11 -10 -9 -9 -8 -8 -7 -6 -6 -5 ------- Run | Yrd Mat Mat Min Mat Sto Fac Fac DSF Fac Combat Hostiles Destroyed 118 | 1 3 16 10 5 18 1 . 1 63 Melee 8 | . . . . . 1 . . . 7 Guns 89 | 1 3 16 4 5 17 1 . 1 41 Cannons 12 | . . . . . . . . . 12 AOE 9 | . . . 6 . . . . . 3 Classes Destroyed 17 | 3 4 2 1 . 1 . . . 6 Worker 9 | 1 . 2 . . . . . . 6 Builder 3 | . . . . . . . . . 3 Tunneler 1 | 1 . . . . . . . . . Hauler 5 | . 1 . . 1 3 . . . . Recycler 7 | . 1 . . 1 1 1 . . 3 Mechanic 1 | . . 1 . . . . . . . Operator 3 | . 1 . . . 1 . . . 1 Watcher 2 | . . . . . . . . . 2 Swarmer 22 | . 3 7 . . . . . . 12 Saboteur 1 | . . . . . . . . . 1 Grunt 47 | 1 . 6 . 3 13 . . . 24 Brawler 3 | . . . . . . . . . 3 Duelist 2 | . . . . . . . . . 2 Sentry 15 | . . 3 . 2 4 1 . 1 4 Hunter 8 | . . . . . 1 . . . 7 Programmer 10 | . . . . . . . . . 10 Assembled 10 | . . . 10 . . . . . . Best Kill Streak 13 | 2 3 6 9 4 3 2 . 1 13 Combat Bots Only 10 | 1 2 4 9 4 3 1 . 1 10 Max Kills in Single Turn 3 | 1 1 2 3 1 1 1 . 1 3 Gunslinging 1 | . . . . . . . . . 1 Exploded 2 | . . . 2 . . . . . 1 Melee 1 | . . . . . 1 . . . 1 Uniques/NPCs Destroyed . | . . . . . . . . . . Combat | -11 -10 -9 -9 -8 -8 -7 -6 -6 -5 -------- Run | Yrd Mat Mat Min Mat Sto Fac Fac DSF Fac Hostile Shots Fired 1133 | 14 23 77 21 23 127 18 . 115 715 Missed 338 | 5 8 23 8 8 24 8 . 44 210 Damage Taken 14244 | 104 116 645 365 224 1663 68 . 1549 9510 Core 1442 | . 23 108 118 16 52 . . 91 1034 Absorbed by Shields 103 | . . . . . . . . 103 . Core Remaining (%) 84 | 100 90 . 43 . 87 100 . 89 . Volleys Fired 366 | 11 20 48 28 19 66 3 . 10 161 Largest 4 | 2 2 2 2 3 3 3 . 4 4 Hottest 206 | 40 40 43 100 69 111 75 . 120 206 Shots Fired 973 | 22 40 95 37 57 183 9 . 40 490 Gun 842 | 22 40 94 14 57 182 9 . 40 384 Cannon 103 | . . . . . . . . . 103 Launcher 9 | . . 1 4 . 1 . . . 3 Special 19 | . . . 19 . . . . . . Kinetic 821 | 22 40 94 14 57 170 9 . 40 375 Thermal 113 | . . . 19 . 12 . . . 82 Explosive 7 | . . 1 4 . 1 . . . 1 Electromagnetic 32 | . . . . . . . . . 32 Robot Hit Streak 20 | 7 5 10 6 12 20 4 . 6 20 Robot Miss Streak 12 | 2 4 3 1 5 4 1 . 2 12 Penetration Max 2 | . . . . . . . . 2 2 Secondary Targets 8 | . . . . . 2 . . . 6 Max Gunslinging Chain 1 | . . . . . 1 . . . 1 Shots Hit Robots 619 | 14 18 69 9 37 131 7 . 26 308 Core Hits 299 | 3 7 27 18 16 51 4 . 6 167 Critical Kills 8 | . . . . . . . . . 8 Critical Parts Destroyed 18 | . . . . 1 2 . . 2 13 Critical Strikes 39 | . . . . 1 2 . . 2 34 Burn 2 | . . . . . . . . . 2 Destroy 25 | . . . . 1 2 . . 2 20 Blast 10 | . . . . . . . . . 10 Smash 1 | . . . . . . . . . 1 Sever 1 | . . . . . . . . . 1 Melee Attacks 27 | . . . . . . . . . 27 Impact 8 | . . . . . . . . . 8 Slashing 19 | . . . . . . . . . 19 Piercing . | . . . . . . . . . . Sneak Attacks . | . . . . . . . . . . Combat Hostiles . | . . . . . . . . . . Follow-up Attacks . | . . . . . . . . . . Damage Inflicted 14110 | 190 242 931 584 519 2053 112 . 653 8826 Guns 10249 | 190 242 928 139 513 2037 112 . 653 5435 Cannons 1870 | . . . . . . . . . 1870 Explosions 1195 | . . . 445 . . . . . 750 Melee 687 | . . . . . . . . . 687 Ramming 109 | . . 3 . 6 16 . . . 84 Kinetic 10464 | 190 242 928 139 513 1927 112 . 653 5760 Thermal 1700 | . . . . . 110 . . . 1590 Explosive 445 | . . . 445 . . . . . . Electromagnetic 705 | . . . . . . . . . 705 Impact 76 | . . . . . . . . . 76 Slashing 611 | . . . . . . . . . 611 Piercing . | . . . . . . . . . . Highest Corruption 21 | . . 2 12 5 5 . . 1 21 Average Corruption 6 | . . 2 10 4 5 . . 1 7 Corruption Purged . | . . . . . . . . . . Corruption Blocked . | . . . . . . . . . . Effects 118 | . . 4 16 1 28 . . . 69 Message Errors 24 | . . 1 5 . 5 . . . 13 Matter Fused 31 | . . 1 4 . 8 . . . 18 Heat Flow Errors 16 | . . 1 3 . 3 . . . 9 Energy Discharges 12 | . . . 1 . 3 . . . 8 Parts Rejected 2 | . . . . . . . . . 2 Parts Fused 2 | . . . . . . . . . 2 Data Loss (minor) 13 | . . 1 2 1 3 . . . 6 Data Loss (major) 6 | . . . 1 . 2 . . . 3 Misfires 3 | . . . . . 1 . . . 2 Misdirections 1 | . . . . . . . . . 1 Weapon Failures 8 | . . . . . 3 . . . 5 Overload Shots . | . . . . . . . . . . Overflow Damage 243 | . . . . . . . . . 243 Projectiles 18 | . . . . . . . . . 18 Explosions 214 | . . . . . . . . . 214 Melee 11 | . . . . . . . . . 11 Knockbacks 17 | . . . . . . . . . 17 Impact . | . . . . . . . . . . Kinetic 17 | . . . . . . . . . 17 Secondary . | . . . . . . . . . . Self-Inflicted Damage 214 | . . . 113 . . . . . 101 Shots 4 | . . . 3 . . . . . 1 Rammed 3 | . . . . . 3 . . . . Targets Rammed 20 | . . 1 . 1 6 . . . 12 Kicked 16 | . . 1 . 1 2 . . . 12 Crushed 1 | . . . . . 1 . . . . Highest Temperature 493 | . . 256 208 91 493 38 . 26 464 Average Temperature 106 | . . 104 50 35 162 19 . 9 103 Received Heat Transfer 3235 | 54 . 282 60 135 918 12 . 270 1504 Effects 14 | . . . . . 6 . . . 8 Shutdowns 4 | . . . . . 2 . . . 2 Energy Bleed 1 | . . . . . . . . . 1 Interference 6 | . . . . . 1 . . . 5 Short Circuit 1 | . . . . . 1 . . . . Damage (minor) 1 | . . . . . 1 . . . . Damage (major) 1 | . . . . . 1 . . . . Siege Activations . | . . . . . . . . . . Robots Corrupted . | . . . . . . . . . . Combat Hostiles . | . . . . . . . . . . Parts Fried 3 | . . . . . . . . . 3 Impact Corruptions . | . . . . . . . . . . Robots Melted . | . . . . . . . . . . Combat Hostiles . | . . . . . . . . . . Parts Melted 2 | . . . . . . . . . 2 Heat Transferred 2883 | . . . . . 259 . . . 2624 Parts Sabotaged 15 | . . . . . . . . . 15 Parts Stolen . | . . . . . . . . . . Parts Stripped . | . . . . . . . . . . Power Chain Reactions . | . . . . . . . . . . Alert | -11 -10 -9 -9 -8 -8 -7 -6 -6 -5 ------- Run | Yrd Mat Mat Min Mat Sto Fac Fac DSF Fac Peak Influence 1325 | 30 140 241 109 173 322 149 72 85 1325 Initial 93 | . 19 . 93 . . 84 72 50 12 Average 363 | 6 81 126 67 88 183 119 72 53 649 Maximum Alert Level 4 | . . 1 . . 1 . . . 4 Low Security (%) 54 | 100 100 65 100 100 66 100 100 100 20 Level 1 10 | . . 34 . . 33 . . . 5 Level 2 18 | . . . . . . . . . 39 Level 3 7 | . . . . . . . . . 16 Level 4 8 | . . . . . . . . . 18 Level 5 . | . . . . . . . . . . High Security . | . . . . . . . . . . Max Security . | . . . . . . . . . . Squads Dispatched 27 | . 1 1 . 1 3 2 . 2 17 Investigation 4 | . . . . . 1 . . . 3 Extermination 6 | . . . . . . 1 . . 5 Reinforcement 11 | . 1 1 . 1 1 1 . 2 4 Assault 5 | . . . . . . . . . 5 Garrison 1 | . . . . . 1 . . . . Intercept . | . . . . . . . . . . Searches Triggered . | . . . . . . . . . . Construction Impeded 2 | . . . . . . . . . 2 Haulers Reinforced 1 | . . . . . . . . . 1 Active Scanning Responses . | . . . . . . . . . . Cargo Convoy Interrupts . | . . . . . . . . . . Stealth | -11 -10 -9 -9 -8 -8 -7 -6 -6 -5 --------- Run | Yrd Mat Mat Min Mat Sto Fac Fac DSF Fac Distress Signals 12 | . . 3 2 1 2 . . . 4 Communications Jammed 1 | . . . . . . . . . 1 Distress Signals 1 | . . . . . . . . . 1 Times Spotted 205 | 1 7 26 10 8 25 2 . 14 112 Peak Tracking Total 14 | 1 3 6 9 5 5 1 . 9 14 Tactical Retreats 18 | . 1 1 . 1 . . . 1 14 Traps | -11 -10 -9 -9 -8 -8 -7 -6 -6 -5 ------- Run | Yrd Mat Mat Min Mat Sto Fac Fac DSF Fac Traps Triggered 11 | . . 1 . 4 . . . 6 . Indirectly . | . . . . . . . . . . Trap Hack Attempts . | . . . . . . . . . . Triggered . | . . . . . . . . . . Disarmed . | . . . . . . . . . . Reprogrammed 6 | . . 6 . . . . . . . Reused . | . . . . . . . . . . Traps Extracted . | . . . . . . . . . . Installed . | . . . . . . . . . . Triggered . | . . . . . . . . . . Machines | -11 -10 -9 -9 -8 -8 -7 -6 -6 -5 ---------- Run | Yrd Mat Mat Min Mat Sto Fac Fac DSF Fac Machines Disabled 13 | . . . . . 4 . . . 9 Max in Single Turn 4 | . . . . . 1 . . . 4 Garrison Access 1 | . . . . . 1 . . . . Machines Repaired . | . . . . . . . . . . Machines Dismantled . | . . . . . . . . . . Machines Sabotaged . | . . . . . . . . . . Overloaded Fab Kills . | . . . . . . . . . . Hacking | -11 -10 -9 -9 -8 -8 -7 -6 -6 -5 --------- Run | Yrd Mat Mat Min Mat Sto Fac Fac DSF Fac Machines Accessed 27 | . 3 4 . . 10 . 1 . 9 Terminals 25 | . 3 4 . . 8 . 1 . 9 Fabricators . | . . . . . . . . . . Repair Stations . | . . . . . . . . . . Recycling Units 1 | . . . . . 1 . . . . Scanalyzers . | . . . . . . . . . . Garrison Access 1 | . . . . . 1 . . . . Total Hacks 73 | . 15 10 . . 22 . 4 . 22 Successful 39 | . 6 7 . . 14 . 1 . 11 Failed 33 | . 9 2 . . 8 . 3 . 11 Catastrophic 6 | . . . . . 3 . . . 3 Database Lockouts 1 | . . 1 . . . . . . . Manual 19 | . 2 5 . . 4 . . . 8 Terminals 67 | . 15 10 . . 16 . 4 . 22 Fabricators . | . . . . . . . . . . Repair Stations . | . . . . . . . . . . Recycling Units 4 | . . . . . 4 . . . . Scanalyzers . | . . . . . . . . . . Garrison Access 2 | . . . . . 2 . . . . Terminal Hacks 35 | . 6 7 . . 10 . 1 . 11 Record 17 | . 3 3 . . 3 . . . 8 Robot Analysis 1 | . . . . . . . . . 1 Open Door 4 | . . . . . 4 . . . . Open DSF 1 | . . . . . . . 1 . . Branch Access Points 1 | . . 1 . . . . . . . Emergency Access Points 2 | . . . . . 1 . . . 1 Alert Level 3 | . 1 . . . 1 . . . 1 Locate Traps 3 | . 1 2 . . . . . . . Reprogram Traps 1 | . . 1 . . . . . . . Dispatch Records 1 | . 1 . . . . . . . . Surveillance Status 1 | . . . . . 1 . . . . Fabricator Hacks . | . . . . . . . . . . Repair Station Hacks . | . . . . . . . . . . Recycling Unit Hacks 3 | . . . . . 3 . . . . Process 1 | . . . . . 1 . . . . Report Inventory 1 | . . . . . 1 . . . . Retrieve Matter 1 | . . . . . 1 . . . . Scanalyzer . | . . . . . . . . . . Garrison Access Hacks 1 | . . . . . 1 . . . . Seal Access 1 | . . . . . 1 . . . . Unauthorized Hacks . | . . . . . . . . . . Terminals . | . . . . . . . . . . Fabricators . | . . . . . . . . . . Repair Stations . | . . . . . . . . . . Recycling Units . | . . . . . . . . . . Scanalyzers . | . . . . . . . . . . Garrison Access . | . . . . . . . . . . Data Cores Recovered 2 | . 1 . . . . . . . 1 Used . | . . . . . . . . . . Hacking Detections 19 | . 3 2 . . 5 . 1 . 8 Full Trace Events 7 | . 1 1 . . 2 . . . 3 Feedback Events . | . . . . . . . . . . Feedback Blocked . | . . . . . . . . . . Robot Schematics Acquired . | . . . . . . . . . . Robots Built . | . . . . . . . . . . Authchips . | . . . . . . . . . . Time . | . . . . . . . . . . Total Robot Build Rating . | . . . . . . . . . . Part Schematics Acquired . | . . . . . . . . . . Parts Built . | . . . . . . . . . . Authchips . | . . . . . . . . . . Time . | . . . . . . . . . . Total Part Build Rating . | . . . . . . . . . . Parts Repaired . | . . . . . . . . . . Time . | . . . . . . . . . . Parts Recycled . | . . . . . . . . . . Recycled Matter 9 | . . . . . 9 . . . . Retrieved Matter 9 | . . . . . 9 . . . . Retrieved Components . | . . . . . . . . . . Parts Scanalyzed . | . . . . . . . . . . Part Schematics Acquired . | . . . . . . . . . . Parts Damaged . | . . . . . . . . . . Bothacking | -11 -10 -9 -9 -8 -8 -7 -6 -6 -5 ------------ Run | Yrd Mat Mat Min Mat Sto Fac Fac DSF Fac Used RIF Installer . | . . . . . . . . . . Robots Hacked . | . . . . . . . . . . Non-combat . | . . . . . . . . . . Combat . | . . . . . . . . . . Robot Hacks Applied . | . . . . . . . . . . Relay Couplers Released 4 | . . . . . . . . . 4 Programmers 4 | . . . . . . . . . 4 Fabnet Peak Effective % . | . . . . . . . . . . Robots Rewired . | . . . . . . . . . . Allies Hacked . | . . . . . . . . . . Hacks Repelled . | . . . . . . . . . . Allies | -11 -10 -9 -9 -8 -8 -7 -6 -6 -5 -------- Run | Yrd Mat Mat Min Mat Sto Fac Fac DSF Fac Total Allies 1 | . . . 1 . . . . . . Largest Group 1 | . . . 1 . . . . . . Highest-Rated Group 31 | . . . 31 . . . . . . Highest-Rated Ally 31 | . . . 31 . . . . . . Total Orders . | . . . . . . . . . . Ally Attacks 2 | . . . 2 . . . . . . Total Damage . | . . . . . . . . . . Kills . | . . . . . . . . . . Allies Corrupted . | . . . . . . . . . . Allies Melted . | . . . . . . . . . . Intel | -11 -10 -9 -9 -8 -8 -7 -6 -6 -5 ------- Run | Yrd Mat Mat Min Mat Sto Fac Fac DSF Fac Robot Analysis Total 1 | . . . . . . . . . 1 Derelict Logs Recovered . | . . . . . . . . . . Drone Launches . | . . . . . . . . . . Drone Recoveries . | . . . . . . . . . . Exploration | -11 -10 -9 -9 -8 -8 -7 -6 -6 -5 ------------- Run | Yrd Mat Mat Min Mat Sto Fac Fac DSF Fac Turns Passed 6832 | 125 464 617 521 407 964 270 54 228 3182 Spaces Moved 3657 | 72 320 332 240 214 438 191 42 115 1693 Core 17 | 17 . . . . . . . . . Treads 266 | . . . . 21 245 . . . . Legs 3374 | 55 320 332 240 193 193 191 42 115 1693 Wheels . | . . . . . . . . . . Hover . | . . . . . . . . . . Flight . | . . . . . . . . . . Fastest Speed 50 | 50 120 120 120 120 120 120 120 120 97 Average Speed 131 | 103 120 120 147 125 147 120 120 124 134 Slowest Speed 260 | 120 120 120 190 250 190 120 120 190 260 Overloaded Moves . | . . . . . . . . . . Propulsion Burnouts . | . . . . . . . . . . Robots Hopped . | . . . . . . . . . . Cave-ins Triggered . | . . . . . . . . . . Exploration Rate (%) 33 | 6 52 29 45 12 59 4 1 88 38 Regions Visited 9 Branch Regions 2 Pre-discovered Areas . | . . . . . . . . . . Known Exits Taken 2 | . . 1 . . . . 1 . . Unknown Exits Taken 6 | 1 1 . 1 1 1 1 . . . Scrap Searched . | . . . . . . . . . . Spaces Dug 26 | . . 9 10 . . . . . 7 Terrain Destroyed 151 | . . 9 51 . 8 . . . 83 Melee 7 | . . . . . . . . . 7 Projectile 52 | . . . 11 . . . . . 41 AOE 92 | . . 9 40 . 8 . . . 35 Terrain Rammed . | . . . . . . . . . . Walls Destroyed . | . . . . . . . . . . Machines Disabled . | . . . . . . . . . . Actions | -11 -10 -9 -9 -8 -8 -7 -6 -6 -5 --------- Run | Yrd Mat Mat Min Mat Sto Fac Fac DSF Fac Total 4907 | 98 361 451 327 316 658 227 45 184 2240 Wait 441 | 3 8 49 46 51 77 27 . 17 163 Move 3648 | 71 319 331 239 213 437 190 41 114 1693 Hop . | . . . . . . . . . . Pick Up 86 | 6 4 7 2 6 13 1 1 7 39 Fast Attach 53 | 6 1 . 2 . 3 . . 2 39 Attach 57 | . . 5 2 2 5 2 2 4 35 Detach 5 | . . . . . . . . . 5 Swap 113 | . 4 9 8 13 27 3 1 9 39 Drop 80 | 1 5 1 . 11 24 1 . 10 27 Fire 366 | 11 20 48 28 19 66 3 . 10 161 Melee 27 | . . . . . . . . . 27 Ram . | . . . . . . . . . . Kick 16 | . . 1 . 1 2 . . . 12 Crush 4 | . . . . . 4 . . . . Escape Stasis 11 | . . . . . . . . 11 . Rewire . | . . . . . . . . . . Trap . | . . . . . . . . . . Miscellaneous . | . . . . . . . . . . Route ------- -11/Scrapyard -10/Materials -9/Materials (discovered 2 exits: [*Mat] / *Min) -9/Mines -8/Materials (discovered 2 exits: *Sto x2) -8/Storage -7/Factory -6/Factory -6/DSF -5/Factory History --------- Turn | Location | Event 2 | -11/Scrapyard | Met Revision 17 77 | -11/Scrapyard | Discovered new exit (range 8) 126 | -11/Scrapyard | Entered Materials 306 | -10/Materials | Build established: Mutant 378 | -10/Materials | Discovered new exit (range 13) 590 | -10/Materials | Entered another Materials area 590 | -9/Materials | Evolved 2 slots: Propulsion x1, Utility x1 616 | -9/Materials | Identified exit to Mines 885 | -9/Materials | Build established: Scavenger-Mutant 932 | -9/Materials | Central database locked down 1005 | -9/Materials | Discovered new exit (range 9) 1207 | -9/Materials | Entered Mines 1208 | -9/Mines | Assembled infested the area 1210 | -9/Mines | Received a Mining Laser from a helpful Derelict 1216 | -9/Mines | Met a Derelict bent on vengeance 1282 | -9/Mines | Core integrity fell below 50% 1291 | -9/Mines | System corruption reached 10% 1320 | -9/Mines | Destroyed 9 combat bots 1711 | -9/Mines | Discovered new exit (range 8) 1728 | -9/Mines | Entered Materials 1728 | -8/Materials | Evolved 2 slots: Propulsion x1, Weapon x1 1730 | -8/Materials | Discovered new exit (range 15) 2047 | -8/Materials | Build established: Scavenger-Tank 2067 | -8/Materials | Discovered new exit (range 8) 2135 | -8/Materials | Entered Storage 2177 | -8/Storage | Garrison activated, responded to threat 3091 | -8/Storage | Discovered new exit (range 8) 3099 | -8/Storage | Entered Factory 3099 | -7/Factory | Evolved 2 slots: Power x1, Utility x1 3183 | -7/Factory | Discovered new exit (range 11) 3369 | -7/Factory | Entered another Factory area 3369 | -6/Factory | Evolved 2 slots: Utility x1, Weapon x1 3423 | -6/Factory | Identified exit to DSF 3423 | -6/Factory | Entered DSF 3497 | -6/DSF | Additional patrols routed to DSF 3630 | -6/DSF | Discovered new exit (range 15) 3639 | -6/DSF | Lost 6 parts (2p2u2w) 3651 | -6/DSF | Entered Factory 3651 | -5/Factory | Evolved 2 slots: Propulsion x1, Utility x1 3711 | -5/Factory | Found Prototype Launcher 3711 | -5/Factory | Identified Tesla Bomb Launcher 3717 | -5/Factory | Found Tesla Bomb Launcher 3930 | -5/Factory | Build established: Tank 4378 | -5/Factory | Build established: Scavenger-Tank 4500 | -5/Factory | Lost 4 parts (1p1n1u1w) 4537 | -5/Factory | Destroyed 10 combat bots 4551 | -5/Factory | First assault squad dispatched 4939 | -5/Factory | Lost 15 parts (3p3n4u5w) 5096 | -5/Factory | Lost 8 parts (2p3n1u2w) 5287 | -5/Factory | Core integrity fell below 50% 5290 | -5/Factory | System corruption reached 10% 5384 | -5/Factory | Build established: Scavenger-Gunner 5875 | -5/Factory | Lost 3 parts (1u2w) 6788 | -5/Factory | Core integrity fell below 20% 6833 | -5/Factory | Destroyed by L-41 Fighter with Axe Last Messages --------------- 06815_ Acquired 12 matter. 06815_ K-01 Serf destroyed. 06816_ Acquired 28 matter. 06818_ U-05 Engineer builds a Door. 06819_ Carbon-fiber Leg destroyed. 06819_ Adv. Plasma Cannon destroyed. 06819_ Adv. Targeting Computer destroyed. 06819_ System corrupted by crushing effect (+1). 06819_ System corrupted by crushing effect (+5). 06819_ Knocked back. 06820_ Acquired 62 matter. 06821_ System corrupted: KE Penetrator jammed. 06823_ Slug penetrates G-67 Veteran. 06826_ Mic. Fission Core severed. 06827_ System corrupted: Matter fused (-6). 06827_ Slug penetrates G-67 Veteran. 06830_ KE Penetrator destroyed. [Achievement: 5k Club] [Achievement: 10k Club] Map ----- +----------------------------------------------------+ | ????????????????????????????????# ????# #??????? | | ????????????????????????????????# ??????# ######## | | ????????????????????????????????????????# ## | | ????????????????????????????????????????# ## """"" | | ????????????????????????????????????????# ## """"" | | ????????????????????????????????????????# ## """"" | | ????????????????????????????????????????# ## """"" | | ????????????????????????????????????????# ## | | ????????????????????????????????????????# ## "T | | ????????????????????????????????????????# ## "" | | ????????????????????????????????????????# ## | | ????????????????????????###???????####### #####+## | | ????????????????????????# #???????# % | | ??????????????????????###########?# | | ??????????????????????# # % % | | ??????????????????????# """"""" # #########+## | | ??????????????????????# """"""" #%" #???# | | ??????????????????????#||=""""""""+% #???# | | ??????????????????????#||=""""""" # #???# | | ??????????????????????#|=[b= # #???# """ "" | | ??????????????????????#!!*[[ # #???# """""" | | ??????????????????????###/######### #???# """""" | | ???????????????????????##b#???????# #???# """""" | | ???????????????????????#!*#???????# #???# | | ????????????????????????#g#?????### ###???###### | | ??????????????????????###@###???# #????????? | | ??????????????????????# !%l ##### =#????????? | | ??????????????????????# #????????? | | ??????????????????????# = T #????????? | | ??????????????????????# #????????? | | ??????????????????????# ##### #????????? | | ??????????????########## ##???# #????????? | | ??????????????# # [##############????????? | | ??????????????# """ + +%! #???????????? | | ??????????????# """ # # *""""" #???????????? | | ??????????????? """ # #% ""T"" #???????????? | | ??????????????? ?# # #???????????? | | ??????????????# """ ?# # """ #???????????? | | ??????????????# """ ??# # " "" #???????????? | | ??????????????# """ ??# # "" #???????????? | | ????????????????? ???# # #???????????? | | ?????????????########### ###+#######???????????? | | ?????????????# # # #???????????? | | ?????????????#"""" +% + #???????????? | | ?????????????#"""" # # "" "" #???????????? | | ?????????????#"""" # # "" "" #???????????? | | ?????????????#"""" ] # # """ """ #???????????? | | ?????????????#"""" ! # # """ """ #???????????? | | ?????????????#"""" # # """ """ ????????????? | | ?????????????# # # ????????????? | +----------------------------------------------------+ Best States ------------- Heat Dissipation 78 Energy Generation 30 Energy Capacity 365 Matter Stores 400 Matter Capacity 400 Sight Range 16 Terrain Scan Range 16 Terrain Scan Density 10 Jamming Range 14 Additional Mass Support 12 Armor Coverage 600 Resistance: EX 25 Weapon Cycling 15 Evasion (%) 55 Targeting Accuracy 8 Target Analysis 6 Core Analysis 9 Recoil Reduction 4 Offensive Hacking 10 Item Schematics ----------------- None Robot Schematics ------------------ None Fabricated ------------ Nothing Alien Tech Used ----------------- None Achievements -------------- 10k Club 5k Club Hey, That's Mine! Librarian Loot Pinata Made in Tau Ceti IV Novice Programmer Oops Please Form A Line Risk Taker Serviceable Loadout Significant Disruption Storm Trooper System Compromised Troublemaker Challenges ------------ None Game ------ Seed StormFocalFacilitator Manual? 0 Play Time 01:36:25 Cumulative 1.9 hours Start 2024.10.06 @ 21:48:38 End 2024.10.07 @ 07:45:11 Sessions 4 Manual Loads 0 Difficulty Rogue Special Mode None Game No. 3 Rogue 3 Adventurer 0 Explorer 0 Win Type - Total 0 Types 0/0/0/0/0/0/0/0/0 Lore% 1 Gallery% 7 Achievement% 8 Wizard Run 0 Options --------- Layout 1 ASCII 0 Keyboard 1 Movement Numpad Keybinds 0 Fullscreen 1 Font 24/Smallcaps Map View 50x35 Zoom Use 0% Tactical HUD 1 Map Filters NONE Filters NONE Steam 1 RUN: aa1ae83c-a6ed-45f3-91ff-da6f56932ab1